 Dungeon Crawl Stone Soup version 0.19.5 (webtiles) character file.

558 doot the Changer (level 7, -4/51 HPs)
             Began as an Octopode Transmuter on May 7, 2017.
             Slain by a gnoll
             ... wielding a +0 halberd
              (9 damage)
             ... on level 5 of the Dungeon.
             The game lasted 00:16:52 (4151 turns).

doot the Changer (Octopode Transmuter)              Turns: 4151, Time: 00:16:53

Health: -4/51      AC:  7    Str:  9    XL:     7   Next: 31%
Magic:  10/10      EV: 10    Int: 17    God:
Gold:   66         SH:  0    Dex: 13    Spells: 3 memorised, 2 levels left

rFire  x . .     SeeInvis +       - Unarmed
rCold  + + +     Gourm    .     (shield currently unavailable)
rNeg   . . .     Faith    .     (helmet currently unavailable)
rPois  +         Spirit   .     (no amulet)
rElec  .         Reflect  .     f - ring of protection from cold
rCorr  .         Harm     .     p - ring of see invisible
MR     .....                    x - +2 ring of protection
Stlth  +.........               (no ring)
                                (no ring)
                                (no ring)
                                (no ring)
                                (no ring)

@: about to teleport, ice-form, drained
A: almost no armour, stealthy swim, amphibious, 8 rings, (constrict 8),
(camouflage 0), (gelatinous body 0)
a: End Transformation


You were on level 5 of the Dungeon.
You were hungry.
You were a creature of crystalline ice.
You visited 1 branch of the dungeon, and saw 5 of its levels.

You collected 186 gold pieces.
You spent 120 gold pieces at shops.

Inventory:

Hand Weapons
 h - a +0 short sword
 l - a +0 spear of venom (melded)
 m - a +0 mace
Missiles
 a - 87 arrows
Jewellery
 f - a ring of protection from cold (left front paw)
 p - a ring of see invisible (right front paw)
 x - a +2 ring of protection (on tentacle)
Wands
 o - a wand of digging (15/24)
Scrolls
 e - 2 scrolls of noise {unknown}
 j - a scroll of teleportation
 k - 2 scrolls of magic mapping {unknown}
 n - 4 scrolls of identify
 q - a scroll of enchant weapon {unknown}
 r - a scroll of enchant armour {unknown}
 v - a scroll of blinking {unknown}
Potions
 d - a potion of cancellation {unknown}
 g - 3 potions of curing
 i - a potion of might {unknown}
 u - 2 potions of agility {unknown}
 w - 2 potions of heal wounds {unknown}
 z - a potion of ambrosia {unknown}
 A - a potion of magic {unknown}
Books
 b - a book of Changes

   Spells                             Type                      Level
   a - Beastly Appendage              Transmutation                1
   b - Sticks to Snakes               Transmutation                2
   c - Spider Form                    Transmutation/Poison         3
   d - Ice Form                       Ice/Transmutation            4
   e - Blade Hands                    Transmutation                5
Comestibles
 c - 2 bread rations
 s - 2 slices of pizza
 t - 2 meat rations
 B - a royal jelly
 C - 4 chunks of flesh


   Skills:
 - Level 1.0(0.4) Fighting
 - Level 2.0(1.4) Dodging
 - Level 3.0(2.4) Unarmed Combat
 - Level 2.0(1.4) Spellcasting
 + Level 7.8(7.1) Transmutations


You had 2 spell levels left.
You knew the following spells:

 Your Spells              Type           Power        Failure   Level  Hunger
a - Beastly Appendage     Tmut           ####..       1%          1    ##.....
b - Spider Form           Tmut/Pois      ##........   17%         3    ####...
c - Ice Form              Ice/Tmut       ##......     58%         4    #####..


Dungeon Overview and Level Annotations

Branches:
Dungeon (5/15)
 Temple: D:4-7

Altars:
Dithmenos
Gozag
Hepliaklqana
Kikubaaqudgha
Okawaru
Ru
Vehumet
Yredelemnul

Shops:
D:4 =%[

Annotations:
D:3 doot's ghost, amateur GrEE


Innate Abilities, Weirdness & Mutations

You cannot wear most types of armour.
You are very stealthy in the water. (Stealth+)
You are amphibious.
You can wear up to eight rings at the same time.
((You can use your tentacles to constrict eight enemies at once.))
((Your skin changes colour to match your surroundings (Stealth+).))
((Your rubbery body absorbs attacks. (AC +1, EV +1)))


Message History

Unknown command.
You barely miss the orc wizard.
The orc wizard zaps a wand.
The bolt of lightning hits you!
* * * LOW HITPOINT WARNING * * *
It is a wand of lightning.
The orc wizard hits you but does no damage.
You feel drained.
You punch the orc wizard! You freeze the orc wizard.
The orc wizard is severely wounded.
The orc wizard closely misses you.
You punch the orc wizard! You freeze the orc wizard.
You kill the orc wizard!
You punch the frilled lizard!
The frilled lizard seems to slow down.
You freeze the frilled lizard.
You kill the frilled lizard!
As you read the scroll of teleportation, it crumbles to dust.
You feel strangely unstable.
The gnoll shouts!
The gnoll hits you from afar with a halberd!
You die...

..........# #.#
.###..##...# #Z# ##
#..##...# #.#
#..##...###.#
#...........#
.###...##### ##..##
### #...#########
#.. #.#.o(g.Y...#
#.# #..(#######.#
#.# ###(# #.# #.#
####.#######.#
#.#####.....o......#
#..........#########
#.#####.##.# ##.##
#.##.#
#...####.##.##


You could see an orc priest and a gnoll.

Vanquished Creatures
  Eustachio (D:4)
  A crimson imp (D:4)
  A bullfrog zombie (D:5)
  A hound (D:4)
  A jelly (D:5)
  2 orc wizards (D:5)
  Terence (D:3)
  Natasha (D:3)
  A hound skeleton (D:5)
  3 gnolls (D:5)
  4 adders
  A shadow imp (D:5)
  2 oozes
  A worm (D:2)
  4 leopard geckos
  8 orcs
  2 ball pythons
  2 giant cockroaches
  7 goblins
  11 hobgoblins
  A kobold (D:2)
  A quokka (D:3)
  6 bats
  8 frilled lizards
  A quokka skeleton (D:5)
  8 rats
  A spectral orc (D:4)
81 creatures vanquished.

Notes
Turn   | Place    | Note
-------+----------+-------------------------------------------
     0 | D:1      | doot the Octopode Transmuter began the quest for the Orb.
     0 | D:1      | Reached XP level 1. HP: 13/13 MP: 3/3
   110 | D:1      | Reached XP level 2. HP: 7/18 MP: 3/5
   625 | D:1      | Reached skill level 3 in Transmutations
   827 | D:2      | Found an opulent altar of Gozag.
   867 | D:2      | Reached XP level 3. HP: 17/23 MP: 3/6
   963 | D:2      | Learned a level 3 spell: Spider Form
  1310 | D:3      | Found a radiant altar of Vehumet.
  1327 | D:3      | Reached skill level 4 in Transmutations
  1375 | D:3      | Noticed doot's ghost (amateur GrEE)
  1377 | D:3      | Found an ancient bone altar of Kikubaaqudgha.
  1500 | D:3      | Reached XP level 4. HP: 25/28 MP: 2/7
  1769 | D:3      | Noticed Natasha
  1777 | D:3      | Killed Natasha
  1804 | D:3      | Found a faded altar of an unknown god.
  1804 | D:3      | Noticed Terence
  1821 | D:3      | Killed Terence
  1821 | D:3      | Reached skill level 5 in Transmutations
  1831 | D:3      | Reached XP level 5. HP: 31/33 MP: 5/8
  1927 | D:3      | Learned a level 4 spell: Ice Form
  2026 | D:4      | Found Assueh's Armour Shoppe.
  2050 | D:4      | Noticed Eustachio
  2341 | D:4      | Killed Eustachio
  2341 | D:4      | Reached skill level 6 in Transmutations
  2341 | D:4      | Reached XP level 6. HP: 33/38 MP: 3/9
  2467 | D:4      | Found a basalt altar of Yredelemnul.
  2589 | D:4      | Found a sacrificial altar of Ru.
  2592 | D:4      | Found an iron altar of Okawaru.
  2595 | D:4      | Found a shadowy altar of Dithmenos.
  2954 | D:4      | Found Omaoxus's Food Shoppe.
  3330 | D:4      | Found a hazy altar of Hepliaklqana.
  3345 | D:4      | Found Cuwnil's Jewellery Shop.
  3350 | D:4      | Bought a +2 ring of protection for 120 gold pieces
  3548 | D:5      | Entered Level 5 of the Dungeon
  3574 | D:5      | Reached skill level 7 in Transmutations
  3911 | D:5      | Reached XP level 7. HP: 40/43 MP: 8/10
  4134 | D:5      | HP: 2/51 [orc wizard/wand of lightning (13)]
  4151 | D:5      | Slain by a gnoll

Skill      XL: |  1  2  3  4  5  6 |
---------------+-------------------+-----
Transmutations | 3 4 5 6 7 |  7.8
Fighting       | |  1.0
Dodging        | |  2.0
Unarmed Combat | |  3.0
Spellcasting   | |  2.0

Action                   |  1- 3 |  4- 6 |  7- 9 || total
-------------------------+-------+-------+-------++-------
Melee: Unarmed           |    45 |    43 |    21 ||   109
       Constrict         |    17 |     8 |     4 ||    29
       Tentacles         |    11 |     9 |     2 ||    22
       Kick              |     9 |    11 |     1 ||    21
       Punch             |     3 |     2 |       ||     5
       Short sword       |    18 |       |       ||    18
       Spear             |    22 |    58 |    20 ||   100
 Cast: Beastly Appendage |    19 |    14 |     4 ||    37
       Spider Form       |     3 |     5 |       ||     8
       Ice Form          |       |     1 |     1 ||     2
  Use: Scroll            |     4 |       |     1 ||     5
 Stab: Sleeping          |     5 |     7 |       ||    12
  Eat: Chunk             |     2 |     9 |     1 ||    12
Armor: Skin              |     2 |    13 |     7 ||    22
Dodge: Dodged            |    52 |    96 |    20 ||   168
